 Dungeon Crawl Stone Soup version 0.29-a0-8-g0446c0dae4 (webtiles) character file.

Game seed: 16794706675305827592

29 crazypyro the Chopper (level 3, -2/31 HPs)
             Began as a Minotaur Fighter on Jan 27, 2022.
             Killed from afar by Natasha (3 damage)
             ... with a magic dart
             ... on level 2 of the Dungeon.
             The game lasted 00:01:27 (1144 turns).

crazypyro the Chopper (Minotaur Fighter)            Turns: 1144, Time: 00:01:27

Health: -2/31      AC:  6    Str: 22    XL:     3   Next: 1%
Magic:  2/2        EV:  9    Int:  5    God:
Gold:   28         SH:  4    Dex:  9    Spells: 2/2 levels left

rFire   . . .      SeeInvis .   a - +0 war axe
rCold   . . .      Faith    .   c - +0 buckler
rNeg    . . .      Spirit   .   b - +0 scale mail
rPois   .          Reflect  .   (helmet restricted)
rElec   .          Harm     .   (no cloak)
rCorr   .          Rampage  .   (no gloves)
Will    .....                   (no boots)
Stlth   ..........              (no amulet)
HPRegen 0.10/turn               (no ring)
MPRegen 0.08/turn               (no ring)

@: no status effects
A: horns 2, retaliatory headbutt
a: no special abilities


You were on level 2 of the Dungeon.
You visited 1 branch of the dungeon, and saw 2 of its levels.

You collected 28 gold pieces.

Inventory:

Hand Weapons
 a - a +0 war axe (weapon)
Armour
 b - a +0 scale mail (worn)
 c - a +0 buckler (worn)
Jewellery
 f - a +4 ring of evasion
 i - a ring of magical power
Scrolls
 g - a scroll of enchant weapon {unknown}
 h - a scroll of summoning {unknown}
Potions
 d - a potion of might
 e - 2 potions of curing {unknown}
 j - a potion of attraction {unknown}
 k - a potion of brilliance {unknown}


   Skills:
 - Level 3.6 Fighting
 * Level 4.2 Axes
 - Level 3.6 Armour
 - Level 0.1 Dodging
 - Level 3.6 Shields


You had 2 spell levels left.
You didn't know any spells.
Your spell library contained the following spells:

 Spells                   Type           Power      Damage    Failure   Level
 Magic Dart               Conj           0%         1d3       88%         1
 Call Imp                 Summ           0%         N/A       95%         2
 Mephitic Cloud           Conj/Pois/Air  0%         N/A       99%         3


Dungeon Overview and Level Annotations

Branches:
Dungeon (2/15)

Altars:

Annotations:
D:2 Natasha


Innate Abilities, Weirdness & Mutations

You have a pair of horns on your head.
You reflexively headbutt those who attack you in melee.


Message History

Natasha is lightly wounded.
Natasha mumbles some strange words.
Natasha claws you.
You closely miss Natasha. Your headbutt misses Natasha.
Natasha is lightly wounded.
You closely miss the shadow imp.
The shadow imp hits you but does no damage.
Natasha claws you but does no damage.
You barely miss Natasha.
Natasha is lightly wounded.
You hit the shadow imp. The shadow imp hits you. Natasha claws you.
You are too injured to fight recklessly!
You are too injured to fight recklessly!
You hit Natasha.
Natasha is moderately wounded.
You hit the shadow imp. You block Natasha's attack. The shadow imp hits you.
Natasha casts a spell at you. The magic dart hits you.
* * * LOW HITPOINT WARNING * * *
The shadow imp hits you.
* * * LOW HITPOINT WARNING * * *
You closely miss Natasha.
Natasha is moderately wounded.
You slash the shadow imp!
You kill the shadow imp!
The shadow imp disappears in a puff of smoke!
Natasha casts a spell at you. The magic dart hits you.
* * * LOW HITPOINT WARNING * * *
You barely miss Natasha.
Natasha is moderately wounded.
Natasha wildly gestures.
You feel troubled.
Natasha mumbles some strange words.
You hit Natasha but do no damage.
Natasha is moderately wounded.
You hit the crimson imp.
Natasha stares at you and mumbles some strange words.
The magic dart hits you.
You die...

#### ...# ##'## ....#
....# †...# #########
.#.## ###.......####
...#####
#....§........
.......####.#..5@h..#
#...........#.......#
#.####.####.#.......#
..# #.# #.#...!...#
#.# #.# #.#.......#
######.# #>.......#..
#......#
########.##.#
#.###### .. .. #.# +#


You could see Natasha and a crimson imp (summoned).

Vanquished Creatures
  2 dart slugs
  3 endoplasms
  2 giant cockroaches (D:1)
  A goblin (D:2)
  6 hobgoblins (D:1)
  2 quokkas (D:1)
  A bat (D:2)
  A frilled lizard (D:1)
  A kobold (D:1)
  3 rats
22 creatures vanquished.

Notes
Turn   | Place    | Note
-------+----------+-------------------------------------------
     0 | D:1      | crazypyro the Minotaur Fighter began the quest for the Orb.
     0 | D:1      | Reached XP level 1. HP: 19/19 MP: 0/0
    28 | D:1      | Found a faded altar of an unknown god.
    36 | D:1      | Reached skill level 3 in Axes
   226 | D:1      | Reached XP level 2. HP: 21/26 MP: 1/1
   593 | D:1      | Reached skill level 4 in Axes
  1070 | D:2      | Reached XP level 3. HP: 27/31 MP: 2/2
  1134 | D:2      | Noticed Natasha
  1142 | D:2      | HP: 1/31 [Natasha/magic dart (2)]
  1144 | D:2      | Killed from afar by Natasha

Illustrated notes

Levels and vault maps discovered:
D:1:      minmay_arrival_wavy_path, layout_basic,
          hellmonk_ecumenical_altar_arch_garden, minmay_ruptured
D:2:      layout_basic, minmay_liquid_box, uniq_natasha, uniq_crazy_yiuf_cottage

Skill      XL: |  1  2 |
---------------+-------+-----
Axes           | 3 4 |  4.2
Fighting       | |  3.6
Armour         | |  3.6
Dodging        | |  0.1
Shields        | |  3.6

Action                   || total
-------------------------++-------
Melee: War axe           ||    59
       Headbutt          ||     8
Armor: Scale mail        ||    22
Dodge: Dodged            ||    27
Block: Buckler           ||    11

Table legend: (Time is in decaauts)
 A = Elapsed time spent in this place.
 B = Non-inter-level travel time spent in this place.
 C = Inter-level travel time spent in this place.
 D = Time resting spent in this place.
 E = Time spent auto-exploring this place.
 F = Levels seen in this place.
 G = Mean time per level.
                   A        B        C        D        E       F      G
               +--------+--------+--------+--------+--------+-----+--------+
         Total |   1164 |   1146 |     18 |      0 |    991 |   2 |  582.0 |
       Dungeon |   1164 |   1146 |     18 |      0 |    991 |   2 |  582.0 |
               +--------+--------+--------+--------+--------+-----+--------+

Top non-repeatable levels by time:
     D:1: 835 daAuts
     D:2: 328 daAuts
